 Dungeon Crawl Stone Soup version 0.29-a0-830-gcb1280458a (webtiles) character file.

Game seed: 15233397314160823267

23 Riddle the Slasher (level 3, 35/35 HPs)
             Began as a Gnoll Cinder Acolyte on July 12, 2022.
             Was an Initiate of Ignis.
             Quit the game on level 1 of the Dungeon.
             The game lasted 00:02:13 (911 turns).

Riddle the Slasher (Gnoll Cinder Acolyte)            Turns: 911, Time: 00:02:13

Health: 35/35      AC:  3    Str: 13    XL:     3   Next: 0%
Magic:  7/7        EV: 11    Int: 15    God:    Ignis [......]
Gold:   74         SH:  0    Dex:  7    Spells: 7/7 levels left

rFire   + . .      SeeInvis .   a - -1 falchion (flame)
rCold   . . .      Faith    .   (no shield)
rNeg    . . .      Spirit   .   b - +0 robe
rPois   .          Reflect  .   e - +0 helmet
rElec   .          Harm     .   (no cloak)
rCorr   .          Rampage  .   (no gloves)
Will    .....                   (no boots)
Stlth   +.........              (no amulet)
HPRegen 0.11/turn               (no ring)
MPRegen 0.10/turn               (no ring)

@: no status effects
A: fangs 1, strong nose, distributed training
a: Renounce Religion, Rising Flame


You were on level 1 of the Dungeon.
You worshipped Ignis.
Ignis was noncommittal.
You visited 1 branch of the dungeon, and saw 1 of its levels.

You collected 74 gold pieces.

Inventory:

Hand Weapons
 a - a -1 falchion of flaming (weapon)
Armour
 b - a +0 robe (worn)
 e - a +0 helmet (worn)
Scrolls
 c - a scroll of brand weapon {unknown}
 d - a scroll of identify {unknown}
 h - a scroll of teleportation {unknown}
Potions
 f - a potion of magic {unknown}
 g - 2 potions of curing {unknown}


   Skills:
 + Level 6.5 Fighting
 + Level 0.6 Short Blades
 + Level 6.5 Long Blades
 + Level 0.6 Axes
 + Level 0.6 Maces & Flails
 + Level 0.6 Polearms
 + Level 0.6 Staves
 + Level 0.6 Ranged Weapons
 + Level 0.6 Throwing
 + Level 0.6 Armour
 + Level 0.6 Dodging
 + Level 0.6 Stealth
 + Level 0.6 Shields
 + Level 0.6 Unarmed Combat
 + Level 2.8 Spellcasting
 + Level 0.4 Conjurations
 + Level 0.4 Hexes
 + Level 0.4 Summonings
 + Level 0.4 Necromancy
 + Level 0.4 Translocations
 + Level 0.4 Transmutations
 + Level 5.4 Fire Magic
 + Level 0.4 Ice Magic
 + Level 0.4 Air Magic
 + Level 0.4 Earth Magic
 + Level 0.4 Poison Magic
 + Level 0.8 Invocations
 + Level 0.6 Evocations


You had 7 spell levels left.
You didn't know any spells.
Your spell library contained the following spells:

 Spells                   Type           Power      Damage    Failure   Level
 Scorch                   Fire           36%        2d6       3%          2


Dungeon Overview and Level Annotations

Branches:
Dungeon (1/15)

Altars:


Innate Abilities, Weirdness & Mutations

You have very sharp teeth.
Your uncanny sense of smell can sniff out nearby items.
Your experience applies equally to all skills.


Message History

You kill the hobgoblin!
No target in view!
No target in view!
No target in view!
No target in view!
No target in view!
No target in view!
Found a stone staircase leading down.
g - 2 grey potions No target in view!
h - a scroll labelled EMILUS VUT Your fiery armour burns out.
Key pressed, stopping explore.
No target in view!
A kobold comes into view. It is wielding a +0 short sword.
The kobold shouts!
The kobold hits you with a +0 short sword.
A kobold is nearby!
You barely miss the kobold.
The kobold hits you with a +0 short sword.
A kobold is nearby!
You barely miss the kobold. The kobold misses you.
A kobold is nearby!
You closely miss the kobold. The kobold hits you but does no damage.
A kobold is nearby!
You hit the kobold but do no damage.
The kobold hits you with a +0 short sword.
You closely miss the kobold.
The kobold hits you with a +0 short sword.
You hit the kobold. You burn the kobold.
You kill the kobold!
You have reached level 3!
Your experience leads to an increase in your attributes!
Increase (S)trength, (I)ntelligence, or (D)exterity?
You feel clever. x2
Found 3 poisoned darts.
An endoplasm comes into view.
An endoplasm is nearby!
Okay, then.
Are you sure you want to abandon this character and quit the game? (Confirm with "yes".)

....#
..........#.#.....#
#####
.#######.##.#.###.#.#
.. #.##.#.....#.# #.#
##+##.#####.#.# ..
#...#.........# J #.#
#...#######.### ...
#.. #...##....#.#
.....#.###.###.##.#.#
∆ #..(.....@..##.#.#
#.##.##.######.#.#
#.##.# #.#.# #..#.#
#.#.# .#.#.# #.#.# .
...# #.#.# .. #..#
#.#.# ## ... #.#.#
##### #... #.#.#####


There were no monsters in sight!

Vanquished Creatures
  A gnoll (D:1)
  A ball python (D:1)
  An endoplasm (D:1)
  2 goblins (D:1)
  3 hobgoblins (D:1)
  A quokka (D:1)
  A bat (D:1)
  3 kobolds (D:1)
13 creatures vanquished.

Vanquished Creatures (others)
  64 foxfires (D:1)
64 creatures vanquished.

Grand Total: 77 creatures vanquished

Notes
Turn   | Place    | Note
-------+----------+-------------------------------------------
     0 | D:1      | Riddle the Gnoll Cinder Acolyte began the quest for the
                  | Orb.
     0 | D:1      | Reached XP level 1. HP: 23/23 MP: 4/4
   104 | D:1      | Reached XP level 2. HP: 15/29 MP: 5/5
   733 | D:1      | Reached XP level 3. HP: 27/35 MP: 7/7
   911 | D:1      | Quit the game

Illustrated notes

Levels and vault maps discovered:
D:1:      minmay_arrival_nine_rooms, layout_basic, minmay_misc_feat_ornament

Action                   || total
-------------------------++-------
Melee: Falchion          ||    27
       Bite              ||     1
Invok: Fiery Armour      ||     3
       Foxfire Swarm     ||     6
Armor: Robe              ||     6
Dodge: Dodged            ||    14

Table legend: (Time is in decaauts)
 A = Elapsed time spent in this place.
 B = Non-inter-level travel time spent in this place.
 C = Inter-level travel time spent in this place.
 D = Time resting spent in this place.
 E = Time spent auto-exploring this place.
 F = Levels seen in this place.
 G = Mean time per level.
                   A        B        C        D        E       F      G
               +--------+--------+--------+--------+--------+-----+--------+
         Total |    910 |    910 |      0 |      7 |    808 |   1 |  910.0 |
       Dungeon |    910 |    910 |      0 |      7 |    808 |   1 |  910.0 |
               +--------+--------+--------+--------+--------+-----+--------+

Top non-repeatable levels by time:
     D:1: 910 daAuts
